 Dungeon Crawl Stone Soup version 0.18.1-5-g4a78601 (webtiles) character file.

102 oplop the Insei (level 4, -1/29 HPs)
             Began as an Octopode Transmuter on May 10, 2016.
             Killed from afar by an orc wizard (12 damage)
             ... with a magic dart
             ... on level 3 of the Dungeon.
             The game lasted 00:04:28 (2510 turns).

oplop the Insei (Octopode Transmuter)               Turns: 2510, Time: 00:04:28

Health: -1/29      AC:  1    Str:  9    XL:     4   Next: 77%
Magic:  4/8        EV: 12    Int: 16    God:
Gold:   125        SH:  0    Dex: 12    Spells: 3 memorised, 2 levels left

rFire  . . .     SeeInvis .       - Unarmed
rCold  . . .     Gourm    .     (no shield)
rNeg   . . .     Faith    .     (helmet restricted)
rPois  .         Spirit   .     (no amulet)
rElec  .         Dismiss  .     (no ring)
rCorr  .         Reflect  .     (no ring)
SustAt .         Harm     .     (no ring)
MR     .....                    (no ring)
Stlth  ++........               (no ring)
                                (no ring)
                                (no ring)
                                (no ring)

@: very slightly contaminated, not resistant to hostile enchantments, unstealthy
A: almost no armour, amphibious, 8 rings, constrict 8, camouflage 1, gelatinous
body 1
a: no special abilities


You were on level 3 of the Dungeon.
You were not hungry.

You visited 1 branch of the dungeon, and saw 3 of its levels.

You collected 125 gold pieces.

Inventory:

Missiles
 a - 58 arrows
 k - 5 tomahawks (quivered)
Jewellery
 u - an uncursed ring of see invisible {unknown}
Scrolls
 d - 6 scrolls of identify {unknown}
 e - a scroll of magic mapping {unknown}
 g - a scroll of amnesia
 i - 2 scrolls of random uselessness {unknown}
 l - 2 scrolls of enchant armour {unknown}
 o - a scroll of remove curse {unknown}
 s - a scroll of fog {unknown}
 v - 2 scrolls of recharging {unknown}
Potions
 j - 2 potions of cancellation {unknown}
 m - 8 potions of curing {unknown}
 n - a potion of might {unknown}
 p - a potion of brilliance {unknown}
 q - a potion of haste {unknown}
Books
 b - a book of Changes

   Spells                             Type                      Level
   a - Beastly Appendage              Transmutation                1
   b - Sticks to Snakes               Transmutation                2
   c - Spider Form                    Transmutation/Poison         3
   d - Ice Form                       Ice/Transmutation            4
   e - Blade Hands                    Transmutation                5
Comestibles
 c - 2 bread rations
 f - 9 fruits
 h - a beef jerky
 t - a royal jelly


   Skills:
 + Level 1.8 Fighting
 + Level 2.4 Dodging
 + Level 3.4 Unarmed Combat
 + Level 2.6 Spellcasting
 * Level 3.2 Transmutations


You had 2 spell levels left.
You knew the following spells:

 Your Spells              Type           Power        Failure   Level  Hunger
a - Beastly Appendage     Trmt           ##....       8%          1    #......
b - Sticks to Snakes      Trmt           ##......     10%         2    ##.....
c - Spider Form           Trmt/Pois      #.........   34%         3    ###....


Dungeon Overview and Level Annotations

Branches:
Dungeon (3/15)

Altars:


Innate Abilities, Weirdness & Mutations

You cannot wear most types of armour.
You are amphibious.
You can wear up to eight rings at the same time.
You can use your tentacles to constrict eight enemies at once.
Your skin changes colour to match your surroundings (Stealth).
Your rubbery body absorbs attacks (AC +1).


Message History

Found a tomahawk and a leather armour.
Unknown command.
Read which item? (? for menu, Esc to quit)
As you read the scroll labeled YXODIY HOMPO, it crumbles to dust.
It is a scroll of amnesia.
Forget which spell ([?*] list [ESC] exit)?
Forget which spell ([?*] list [ESC] exit)?
Okay, then.
The orc throws a tomahawk.
The tomahawk barely misses you.
Unknown command.
Casting: Spider Form
Confirm with . or Enter, or press ? or * to list all spells.
You miscast Spider Form.
You are very lightly contaminated with residual magic.
Multicoloured lights dance before your eyes!
The orc wizard shouts!
The gnoll shouts! x2
The gnoll barely misses you.
The orc wizard points at you and mumbles some strange words.
The magic dart hits you!
You die...

................
........##..............
.......## .### .........
.......# .# #.....[....
####...# #...g......
..##...#.#####.#........
#.......................
.............g..g..o....
...######## #.(@...o...
#### ##.o....... #
#..#...... ## ..........
.## ......##### ..#
#.###.## #.# ###....#
#h# ##.##.#### #.###
##.h.#<...##


You could see an orc wizard, 2 gnolls, 2 orcs and a hobgoblin.

Vanquished Creatures
  3 adders (D:2)
  A gnoll (D:3)
  A worm (D:2)
  2 dart slugs (D:1)
  4 orcs (D:3)
  2 giant cockroaches (D:2)
  10 goblins
  4 hobgoblins
  2 jackals (D:2)
  2 quokkas
  2 bats (D:2)
  5 giant newts
  7 kobolds
  5 rats
  A bush (D:1)
51 creatures vanquished.

Vanquished Creatures (collateral kills)
  An adder (D:2)
1 creature vanquished.

Grand Total: 52 creatures vanquished

Notes
Turn   | Place    | Note
--------------------------------------------------------------
     0 | D:1      | oplop the Octopode Transmuter began the quest for the Orb.
     0 | D:1      | Reached XP level 1. HP: 13/13 MP: 3/3
    86 | D:1      | Reached XP level 2. HP: 8/18 MP: 3/5
   924 | D:2      | Reached XP level 3. HP: 23/23 MP: 4/6
  1242 | D:2      | Learned a level 2 spell: Sticks to Snakes
  1352 | D:2      | Reached XP level 4. HP: 11/28 MP: 5/7
  2362 | D:3      | Learned a level 3 spell: Spider Form
  2510 | D:3      | Killed from afar by an orc wizard

Skill      XL: |  1  2  3  4 |
---------------+-------------+-----
Transmutations | 3 |  3.2
Fighting       | |  1.8
Dodging        | |  2.4
Unarmed Combat | |  3.4
Spellcasting   | |  2.6

Action                   |  1- 3 |  4- 6 || total
-------------------------+-------+-------++-------
Melee: Unarmed           |   177 |    64 ||   241
       Constrict         |    20 |     7 ||    27
       Tentacles         |    40 |     5 ||    45
       Kick              |    33 |     8 ||    41
       Punch             |     8 |     1 ||     9
 Cast: Beastly Appendage |    16 |     6 ||    22
       Sticks to Snakes  |     1 |     2 ||     3
       Spider Form       |       |     3 ||     3
  Use: Scroll            |       |     1 ||     1
 Stab: Sleeping          |     5 |     1 ||     6
  Eat: Chunk             |     2 |     4 ||     6
Armor: Skin              |     8 |     8 ||    16
Dodge: Dodged            |    37 |    64 ||   101
